 Dungeon Crawl Stone Soup version 0.27.1-4-g1640c2035a (webtiles) character file.

Game seed: 5211830320779662982

708 GameOver the Conjurer (level 7, 0/53 (55) HPs)
             Began as a Naga Hedge Wizard on Nov 3, 2021.
             Slain by a wight (9 damage)
             ... on level 4 of the Dungeon.
             The game lasted 00:14:24 (2502 turns).

GameOver the Conjurer (Naga Hedge Wizard)           Turns: 2502, Time: 00:14:25

HP:   0/53 (55)     AC:  3    Str: 12    XL:     7   Next: 67%
MP:   0/11          EV: 13    Int: 16    God:
Gold: 108           SH:  0    Dex: 11    Spells: 6/12 levels left

rFire    . . .     SeeInvis +   a - +0 quarterstaff
rCold    . . .     Faith    .   (shield currently unavailable)
rNeg     . . .     Spirit   .   b - +0 robe
rPois    +         Reflect  .   c - +0 hat
rElec    .         Harm     .   (no cloak)
rCorr    .         Rampage  .   (no gloves)
Will     .....                  (no barding)
Stlth    +++.......             n - amulet of the acrobat
HPRegen  0.17/turn              d - +4 ring of evasion
MPRegen  0.12/turn              (no ring)

@: hasted (expiring), lightly drained, quick
A: AC +2, large, see invisible, deformed body, poison resistance, slowness 2,
spit poison 1, naga tail 1
a: Spit Poison


You were on level 4 of the Dungeon.
You visited 2 branches of the dungeon, and saw 5 of its levels.

You collected 108 gold pieces.

Inventory:

Hand Weapons
 a - a +0 quarterstaff (weapon)
 o - a +0 shortbow
 q - a +0 hunting sling
Missiles
 p - 22 arrows
Armour
 b - a +0 robe (worn)
 c - a +0 hat (worn)
Jewellery
 d - a +4 ring of evasion (left hand)
 n - an amulet of the acrobat (around neck)
Scrolls
 e - 2 scrolls of identify {unknown}
 g - a scroll of fog {unknown}
 i - 2 scrolls of teleportation {unknown}
 k - a scroll of immolation {unknown}
 l - a scroll of noise {unknown}
 m - a scroll of fear {unknown}


   Skills:
 - Level 1.5 Dodging
 + Level 5.2 Stealth
 - Level 3.0 Spellcasting
 - Level 6.0 Conjurations
 - Level 1.0 Summonings
 - Level 3.0 Translocations
 * Level 4.7 Poison Magic


You had 6 spell levels left.
You knew the following spells:

 Your Spells              Type           Power      Damage    Failure   Level
a - Magic Dart            Conj           84%        1d7       1%          1
b - Blink                 Tloc           N/A        N/A       9%          2
d - Mephitic Cloud        Conj/Pois/Air  13%        N/A       13%         3

Your spell library contained the following spells:

 Spells                   Type           Power      Damage    Failure   Level
 Conjure Flame            Conj/Fire      12%        6-21      16%         3
 Call Imp                 Summ           5%         N/A       19%         2
 Slow                     Hex            2%         N/A       28%         2


Dungeon Overview and Level Annotations

Branches:
Dungeon (4/15)             Temple (1/1) D:4

Altars:
Ashenzari
Cheibriados
Dithmenos
Elyvilon
Fedhas
Qazlal
Ru
Uskayaw
Vehumet
Xom
Yredelemnul
The Shining One

Annotations:
D:4 Robin


Innate Abilities, Weirdness & Mutations

Your serpentine skin is tough. (AC +2)
You have supernaturally acute eyesight. (SInv)
Armour fits poorly on your strangely shaped body.
Your system is resistant to poisons. (rPois)
You cover ground very slowly.
You can spit poison.
You have a snake-like lower body.


Message History

Confirm with . or Enter, or press ? or * to list all spells.
Aiming: Magic Dart (safe; 1% risk of failure)
Press: ? - help, Shift-Dir - straight line, f/p - wight
Aim: a wight, wielding a +2 dagger and wearing a +0 robe (lightly damaged, 100% to hit)
The magic dart hits the wight.
The wight is lightly damaged.
The wight barely misses you.
Unknown command.
Unknown command.
Casting: Magic Dart (safe; 1% risk of failure)
Confirm with . or Enter, or press ? or * to list all spells.
Aiming: Magic Dart (safe; 1% risk of failure)
Press: ? - help, Shift-Dir - straight line, f/p - wight
Aim: a wight, wielding a +2 dagger and wearing a +0 robe (lightly damaged, 100% to hit)
The magic dart hits the wight but does no damage.
The wight is lightly damaged.
Unknown command.
You closely miss the wight.
The wight is lightly damaged.
The wight barely misses you.
You barely miss the wight.
The wight is lightly damaged.
The wight hits you with a +2 dagger!
* * * LOW HITPOINT WARNING * * *
You thump the wight!
The wight is severely damaged.
The wight barely misses you.
Casting: Magic Dart (safe; 1% risk of failure)
Confirm with . or Enter, or press ? or * to list all spells.
Aiming: Magic Dart (safe; 1% risk of failure)
Press: ? - help, Shift-Dir - straight line, f/p - wight
Aim: a wight, wielding a +2 dagger and wearing a +0 robe (severely damaged, 100% to hit)
The magic dart hits the wight but does no damage.
The wight is severely damaged.
Unknown command.
You barely miss the wight.
The wight is severely damaged.
Your extra speed is starting to run out.
The wight hits you with a +2 dagger!
You die...

. .....................
#z #.######.#.##....##. #
#.##..... #.#.##.(..#
#.#...#.#.......
#.#.##....#
##...#...........
#.#.##....#### #........
#....# #.#.....#.....
#...#.#.+##....#
#.#..####.###.
#..............#####.#..#
#.# ..
.(.#...#.......z@....#..#
#.#._.
.#.......#.....#######..#
#.....
.....>.....#............#
#.....
.#.......#....#########.#
#..... ...#...#......#
#.# #.#...
##.......###### #.#
#..#.#.## #.# ........#
#)# ##...#.## #.#


You could see a wight.

Vanquished Creatures
  Sigmund (D:3)
  A centaur (D:4)
  Blork the orc (D:4)
  A scorpion (D:4)
  A water moccasin skeleton (D:4)
  2 wights (D:4)
  A bullfrog skeleton (D:3)
  Natasha (thrice) (D:3)
  An iguana (D:3)
  2 adders (D:2)
  2 adder skeletons
  2 worms (D:2)
  An orc (D:4)
  7 bats
  5 endoplasms
  A giant cockroach (D:2)
  5 goblins
  10 hobgoblins
  4 jackals
  5 kobolds
  6 quokkas
  4 ball pythons
  9 frilled lizards
  3 rats
78 creatures vanquished.

Notes
Turn   | Place    | Note
-------+----------+-------------------------------------------
     0 | D:1      | GameOver the Naga Hedge Wizard began the quest for the Orb.
     0 | D:1      | Reached XP level 1. HP: 15/15 MP: 4/4
   178 | D:1      | Found a faded altar of an unknown god.
   210 | D:1      | Reached skill level 2 in Conjurations
   210 | D:1      | Reached XP level 2. HP: 19/22 MP: 1/6
   848 | D:2      | Reached XP level 3. HP: 27/28 MP: 3/7
   873 | D:2      | Reached skill level 3 in Conjurations
  1201 | D:2      | Reached XP level 4. HP: 36/36 MP: 5/8
  1309 | D:2      | Learned a level 2 spell: Blink
  1313 | D:2      | Learned a level 3 spell: Mephitic Cloud
  1499 | D:3      | Reached skill level 4 in Conjurations
  1595 | D:3      | Noticed Natasha
  1600 | D:3      | Killed Natasha
  1601 | D:3      | Reached XP level 5. HP: 17/42 MP: 0/9
  1610 | D:3      | Noticed Natasha
  1633 | D:3      | Killed Natasha
  1634 | D:3      | Reached skill level 5 in Conjurations
  1888 | D:3      | Noticed Sigmund
  1895 | D:3      | Killed Sigmund
  1896 | D:3      | Reached skill level 6 in Conjurations
  1896 | D:3      | Reached skill level 1 in Poison Magic
  1896 | D:3      | Reached XP level 6. HP: 41/49 MP: 2/10
  1954 | D:3      | Noticed Natasha
  1959 | D:3      | Killed Natasha
  2271 | D:4      | Noticed Blork the orc
  2289 | D:4      | Killed Blork the orc
  2290 | D:4      | Reached XP level 7. HP: 40/55 MP: 4/11
  2313 | D:4      | Found a sacrificial altar of Ru.
  2314 | D:4      | Found a hide-covered altar of Uskayaw.
  2314 | D:4      | Noticed Robin
  2343 | D:4      | Found a staircase to the Ecumenical Temple.
  2361 | Temple   | Entered the Ecumenical Temple
  2481 | D:4      | Reached skill level 5 in Stealth
  2502 | D:4      | Slain by a wight

Illustrated notes

Levels and vault maps discovered:
D:1:      sevenhm_arrival_forest_fort_small_5, layout_basic,
          chequers_ecumenical_altar_simple, minivault_11
D:2:      layout_loops_cross, minmay_goblin_outpost
D:3:      layout_loops_cross, st_stairs_8, uniq_sigmund, uniq_natasha
D:4:      layout_basic, grunt_temple_overflow_open, nemelex_dance_club_becter,
          minmay_temple_entry_sparse_star, serial_shops, nicolae_shop_crystal,
          minmay_misc_feat_encased, uniq_robin, uniq_blork_the_orc
Temple:   cyrus_temple_forest

Skill      XL: |  1  2  3  4  5  6  7 |
---------------+----------------------+-----
Conjurations   | 2 3 4 6 |  6.0
Poison Magic   | 1 3 4 |  4.7
Translocations | 2 3 |  3.0
Stealth        | 4 5 |  5.2
Dodging        | |  1.5
Spellcasting   | |  3.0
Summonings     | |  1.0

Action                   |  1- 3 |  4- 6 |  7- 9 || total
-------------------------+-------+-------+-------++-------
Melee: Dagger            |     5 |       |       ||     5
       Quarterstaff      |       |    15 |    23 ||    38
 Cast: Magic Dart        |    61 |    47 |    23 ||   131
       Blink             |       |     3 |     1 ||     4
       Mephitic Cloud    |       |     3 |     1 ||     4
 Abil: Spit Poison       |    36 |    25 |     3 ||    64
  Use: Potion            |       |     1 |     3 ||     4
 Stab: Confused          |       |       |     1 ||     1
Armor: Robe              |       |     4 |     2 ||     6
       Skin              |       |     3 |       ||     3
Dodge: Dodged            |    19 |     9 |    18 ||    46
